 Dungeon Crawl Stone Soup version 0.24.0-13-gcf9b319 (webtiles) character file.

Game seed: 12435348026857107438, levelgen mode: deterministic

343 Bronimir the Magician (level 6, 0/37 HPs)
             Began as an Octopode Wizard on Mar 31, 2020.
             Slain by a hound (6 damage)
             ... on level 4 of the Dungeon.
             The game lasted 00:07:50 (3785 turns).

Bronimir the Magician (Octopode Wizard)             Turns: 3785, Time: 00:07:50

Health: 0/37       AC:  1    Str:  7    XL:     6   Next: 57%
Magic:  4/12       EV: 13    Int: 22    God:
Gold:   134        SH:  0    Dex: 10    Spells: 6/13 levels left

rFire    . . .     SeeInvis .   a - +0 scythe
rCold    . . .     Gourm    .   (shield currently unavailable)
rNeg     . . .     Faith    .   o - +0 hat
rPois    .         Spirit   .   (no amulet)
rElec    .         Reflect  .   i - ring of wizardry
rCorr    +         Harm     .   j - ring of resist corrosion
MR       .....                  (no ring)
Stlth    +++.......             (no ring)
HPRegen  0.12/turn              (no ring)
MPRegen  0.13/turn              (no ring)
                                (no ring)
                                (no ring)

@: no status effects
A: almost no armour, stealthy swim, amphibious, 8 rings, constrict 8, camouflage
1, gelatinous body 1
a: no special abilities


You were on level 4 of the Dungeon.
You were hungry.

You visited 1 branch of the dungeon, and saw 4 of its levels.

You collected 134 gold pieces.

Inventory:

Hand Weapons
 a - a +0 scythe (weapon)
 b - a +0 hunting sling
 g - a +0 short sword
 t - a +0 spear
Missiles
 e - 52 arrows
 f - 103 stones (quivered)
 k - 13 sling bullets
Armour
 d - a +0 shield
 o - a +0 hat (worn)
Jewellery
 i - a ring of wizardry (left tentacle)
 j - a ring of resist corrosion (right tentacle)
 r - an uncursed amulet of faith {unknown}
Scrolls
 h - a scroll of teleportation {unknown}
 l - 2 scrolls of magic mapping
 m - 4 scrolls of remove curse
 p - a scroll of amnesia {unknown}
 q - a scroll of identify {unknown}
Potions
 n - a potion of curing {unknown}
 s - a potion of berserk rage {unknown}
Comestibles
 c - 5 rations


   Skills:
 + Level 0.6 Fighting
 + Level 2.4 Slings
 * Level 2.8 Dodging
 - Level 2.6 Stealth
 * Level 1.7 Shields
 * Level 4.2 Spellcasting
 * Level 2.8 Conjurations
 + Level 0.1 Hexes
 * Level 2.2 Summonings
 + Level 1.0 Translocations


You had 6 spell levels left.
You knew the following spells:

 Your Spells              Type           Power        Failure   Level  Hunger
a - Magic Dart            Conj           ###.         1%          1    None
b - Blink                 Tloc           N/A          4%          2    #......
c - Call Imp              Summ           ##......     2%          2    #......
d - Slow                  Hex            #.......     6%          2    #......

Your spell library contained the following spells:

 Spells                   Type           Power        Failure   Level  Hunger
 Conjure Flame            Conj/Fire      ##......     8%          3    ##.....
 Mephitic Cloud           Conj/Pois/Air  #.......     9%          3    ##.....


Dungeon Overview and Level Annotations

Branches:
Dungeon (4/15)
 Temple: D:4-7

Altars:
The Shining One


Innate Abilities, Weirdness & Mutations

You cannot wear most types of armour.
You are very stealthy in the water. (Stealth+)
You are amphibious.
You can wear up to eight rings at the same time.
You can use your tentacles to constrict eight enemies at once.
Your skin changes colour to match your surroundings (Stealth+).
Your rubbery body absorbs attacks. (AC +1, EV +1)


Message History

A beastly little devil appears in a puff of frigid air.
The hound bites you.
* * * LOW HITPOINT WARNING * * *
The jackal closely misses you. The hound bites your white imp.
Your white imp barely misses the hound.
Your white imp hits the hound.
Your white imp freezes the hound.
The hound bites you.
* * * LOW HITPOINT WARNING * * *
Casting: Call Imp (safe; 2% risk of failure)
Confirm with . or Enter, or press ? or * to list all spells.
You blink.
The jackal bites something but does no damage.
Casting: Blink (safe; 4% risk of failure)
Confirm with . or Enter, or press ? or * to list all spells.
A beastly little devil appears in a puff of frigid air.
Casting: Call Imp (safe; 2% risk of failure)
Confirm with . or Enter, or press ? or * to list all spells.
A shadowy apparition takes form in the air.
The hound bites you.
You die...

###
#.####################
#.....................
#.####################
#..........#
#.########.####### #.#
#.#.....# ########
#.#.....#####
#....5@####.#..........
#.#.5..hh§......(......
#.....###5#..........
#...............†....
#.....##########..###
....##### #.# ###. .#
#. # ##


You could see a hound, a jackal, 2 friendly white imps and a friendly shadow
imp.

Vanquished Creatures
  Grinder (D:3)
  Sigmund (D:4)
  4 adders
  A dart slug (D:1)
  A leopard gecko (D:4)
  An orc (D:3)
  2 giant cockroaches (D:1)
  5 hobgoblins
  8 jackals
  8 kobolds
  2 quokkas (D:2)
  4 bats
  6 frilled lizards
  4 goblins
  6 rats
54 creatures vanquished.

Vanquished Creatures (collateral kills)
  2 adders (D:2)
  An ooze (D:1)
  A worm (D:3)
  A goblin (D:2)
  A hobgoblin (D:1)
  A jackal (D:2)
7 creatures vanquished.

Grand Total: 61 creatures vanquished

Notes
Turn   | Place    | Note
-------+----------+-------------------------------------------
     0 | D:1      | Bronimir the Octopode Wizard began the quest for the Orb.
     0 | D:1      | Reached XP level 1. HP: 11/11 MP: 4/4
   199 | D:1      | Reached XP level 2. HP: 9/17 MP: 0/6
   256 | D:1      | Learned a level 2 spell: Blink
   259 | D:1      | Learned a level 2 spell: Call Imp
   262 | D:1      | Learned a level 2 spell: Slow
  1345 | D:2      | Reached XP level 3. HP: 14/21 MP: 2/8
  2113 | D:2      | Reached XP level 4. HP: 27/27 MP: 4/9
  2859 | D:3      | Noticed Grinder
  2878 | D:3      | Killed Grinder
  2878 | D:3      | Reached skill level 1 in Slings
  2878 | D:3      | Reached skill level 1 in Shields
  2878 | D:3      | Reached skill level 4 in Spellcasting
  2878 | D:3      | Reached XP level 5. HP: 29/32 MP: 3/11
  3054 | D:3      | Found a faded altar of an unknown god.
  3215 | D:3      | Reached XP level 6. HP: 36/37 MP: 9/12
  3525 | D:3      | Found a glowing golden altar of the Shining One.
  3714 | D:4      | Noticed Sigmund
  3742 | D:4      | Killed Sigmund
  3785 | D:4      | Slain by a hound

Levels and vault maps discovered:
D:1:      psy_arrival_dodecagon, layout_loops_cross
D:2:      minmay_general_purpose_star, layout_basic,
          chequers_serial_rivers_micro_d
D:3:      layout_basic, nicolae_tso_swordbearing_angel, first_ration,
          chequers_ecumenical_altar_simple, uniq_grinder
D:4:      layout_basic, minmay_temple_entry_antechambers, uniq_sigmund

Skill      XL: |  1  2  3  4  5  6 |
---------------+-------------------+-----
Conjurations   | 2 |  2.8
Slings         | 1 2 |  2.4
Shields        | 1 |  1.7
Spellcasting   | 4 |  4.2
Summonings     | 2 |  2.2
Fighting       | |  0.6
Dodging        | |  2.8
Stealth        | |  2.6
Hexes          | |  0.1
Translocations | |  1.0

Action                   |  1- 3 |  4- 6 || total
-------------------------+-------+-------++-------
Melee: Short sword       |    17 |       ||    17
       Constrict         |     3 |     3 ||     6
       Tentacles         |     1 |     2 ||     3
       Scythe            |       |     5 ||     5
 Fire: Hunting sling     |    24 |    78 ||   102
 Cast: Magic Dart        |    61 |     5 ||    66
       Call Imp          |     8 |    15 ||    23
       Slow              |       |     1 ||     1
       Blink             |       |     1 ||     1
  Use: Scroll            |     2 |       ||     2
 Stab: Sleeping          |     1 |       ||     1
  Eat: Chunk             |     3 |     5 ||     8
Armor: Skin              |     4 |     5 ||     9
Dodge: Dodged            |    40 |    56 ||    96
